AoeStats
← Rain

African Clearing

506981632Analyzed
4v4 RM · 16d ago on Sep 16, 2026· 39m 10s· 8 players
Game mode
Random Map
Map size
Large (8 player)
Population
200
Speed
Normal
Resources
Standard
Victory
Conquest
Starting age
Dark Age
Ending age
Imperial Age
RankedLock teamsTeams togetherTeam positionsShared explorationLock speedFull tech treeHidden civsTurbo modeCheats
Victory
Defeat
🇨🇳 Magyars · China
1496
+10
🇨🇱 Vietnamese · Chile
1385
+15
🇲🇽 Koreans · Mexico
1373
+15
🇲🇽 Wei · Mexico
1357
+16
🇦🇺 Magyars · Australia
1454
-17
🇵🇪 Poles · Peru
1395
-16
🇦🇷 Burgundians · Argentina
1313
-12
🇨🇴 Bulgarians · Colombia
1279
-11
CTM | KLIN
4:47 Loom
14:50 Feudal Age
16:29 Double-Bit Axe
ACI ShaN
3:21 Loom
13:03 Feudal Age
16:49 Castle Age
15:30 Double-Bit Axe
17:20 Scale Barding Armor
20:01 Stone Mining
20:23 Bow Saw
21:18 Wheelbarrow
23:57 Scale Barding Armor
24:44 Chain Barding Armor
25:44 Gold Mining
28:15 Forging
29:47 Bloodlines
29:38 Husbandry
33:32 Imperial Age
31:18 Hand Cart
31:40 Gold Shaft Mining
30:47 Horse Collar
31:23 Stirrups
33:01 Iron Casting
33:48 Stone Shaft Mining
34:43 Conscription
34:58 Elite Konnik
36:28 Town Watch
39:12 Plate Barding Armor
40:46 Blast Furnace
39:46 Scale Mail Armor
ValkriaN
3:04 Loom
6:42 Double-Bit Axe
15:17 Feudal Age
13:30 Horse Collar
19:55 Castle Age
19:20 Bow Saw
19:05 Gold Mining
19:35 Heavy Plow
23:34 Husbandry
Casualstone
4:07 Loom
10:58 Loom
13:18 Feudal Age
14:45 Fishing Lines
23:46 Castle Age
22:03 Horse Collar
25:23 Wheelbarrow
31:10 Double-Bit Axe
33:55 Hand Cart
36:16 Bloodlines
36:48 Scale Barding Armor
38:12 Gold Mining
38:33 Bow Saw
De_Aztek
3:10 Loom
13:12 Feudal Age
20:35 Castle Age
18:54 Scale Barding Armor
19:16 Gold Mining
22:49 Husbandry
26:50 Bloodlines
28:59 Wheelbarrow
30:09 Forging
34:06 Chain Barding Armor
34:47 Town Watch
36:08 Iron Casting
Dark Gundam
6:33 Loom
30:05 Feudal Age
32:33 Double-Bit Axe
35:03 Castle Age
33:38 Horse Collar
34:13 Fletching
36:04 Bodkin Arrow
36:21 Thumb Ring
37:25 Ballistics
39:08 Wheelbarrow
GunsNroses
4:50 Loom
13:37 Feudal Age
14:45 Double-Bit Axe
15:02 Horse Collar
15:16 Gold Mining
19:30 Castle Age
18:02 Stone Mining
19:44 Scale Mail Armor
21:15 Fletching
27:42 Forging
30:11 Chain Mail Armor
30:31 Iron Casting
31:52 Arson
37:00 Iron Casting
36:38 Town Watch
Rain
6:17 Loom
13:17 Feudal Age
17:28 Scale Barding Armor
22:01 Scale Mail Armor
25:52 Bloodlines
25:41 Fletching
30:25 Castle Age
33:36 Wheelbarrow
Connection lost

Rejoining the realm…

Still unreachable

The connection could not be restored.

Session expired

The server has moved on; the page needs a fresh start.